 Dungeon Crawl Stone Soup version 0.32-a0-589-g2d1f746 (webtiles) character file.

Game seed: 15689949193876541536

1991 UltraSeven the Mimic (level 9, -3/108 HPs)
             Began as a Pale Draconian Shapeshifter on Mar 2, 2024.
             Slain by Prince Ribbit (8 damage)
             ... on level 5 of the Dungeon.
             The game lasted 00:06:59 (4303 turns).

UltraSeven the Mimic (Pale Draconian Shapeshifter)  Turns: 4303, Time: 00:07:00

Health: -3/108     AC: 28    Str: 17    XL:     9   Next: 1%
Magic:  9/9        EV:  2    Int: 10    God:
Gold:   14         SH:  0    Dex: 15    Spells: 8/8 levels left

rFire   . .          .
                       - Unarmed
rCold   . . .        i - orb {*Rage}
rNeg    . . .        (body armour unavailable)
rPois   +            (helmet currently unavailable)
rElec   .            (cloak currently unavailable)
rCorr   .            (gloves currently unavailable)
SInv    .            (boots currently unavailable)
Will    .....        (no amulet)
Stlth   +            g - +4 ring of protection
HPRegen 0.38/turn    w - +4 ring of slaying
MPRegen 0.11/turn

%: random rage (20%)
@: tree-form
A: stationary, stasis, torment immunity, boosted hp, (steam breath), AC +7,
unfitting armour, (cold-blooded), (steam resistance)
a: no special abilities


You were on level 5 of the Dungeon.
You were a tree.
You visited 1 branch of the dungeon, and saw 6 of its levels.
You also visited: Ossuary.

You collected 149 gold pieces.
You spent 135 gold pieces at shops.

Inventory:

Missiles
 y - 5 javelins (quivered)
Armour
 i - an orb of wrath (worn)
Jewellery
 g - a +4 ring of protection (left branch)
 v - a +5 ring of evasion
 w - a +4 ring of slaying (right branch)
Talismans
 b - a beast talisman (active)
 c - a flux talisman
Wands
 C - a wand of roots (11)
 D - a wand of polymorph (5)
Scrolls
 d - 3 scrolls of teleportation {unknown}
 f - 4 scrolls of enchant weapon {unknown}
 h - 6 scrolls of identify {unknown}
 n - 2 scrolls of butterflies {unknown}
 p - a scroll of noise {unknown}
 q - a scroll of fear {unknown}
 s - a scroll of fog {unknown}
 x - a scroll of brand weapon {unknown}
 z - a scroll of revelation {unknown}
 B - 3 scrolls of amnesia {unknown}
Potions
 e - 2 potions of mutation {unknown}
 j - 2 potions of curing {unknown}
 k - a potion of enlightenment {unknown}
 l - 2 potions of might {unknown}
 m - a potion of berserk rage {unknown}
 o - a potion of degeneration {unknown}
 r - 2 potions of heal wounds {unknown}
 t - 3 potions of cancellation {unknown}
 u - 4 potions of brilliance {unknown}
 A - a potion of invisibility {unknown}


   Skills:
 + Level 4.4 Fighting
 - Level 1.7 Dodging
 - Level 5.0 Unarmed Combat
 - Level 10.0 Shapeshifting


You had 8 spell levels left.
You didn't know any spells.
Your spell library was empty.

Dungeon Overview and Level Annotations

Branches:
Dungeon (6/15) Zot: 24998 Ossuary (visited)
 Temple: D:4-7

Altars:
Dithmenos
Gozag
Zin

Shops:
D:4 *=

Annotations:
D:5 Prince Ribbit


Innate Abilities, Weirdness & Mutations

You are a tree.
Your roots penetrate the ground, keeping you stationary.
You cannot be teleported.
You are immune to unholy pain and torment.
Your maximum health is greatly increased.
Your equipment is partially melded.
((You can breathe blasts of scalding, opaque steam.))
((Your pale cyan-grey scales are hard. (AC +7)))
You cannot fit into any form of body armour.
((You are cold-blooded and may be slowed by cold attacks.))
((You are immune to the effects of steam.))


Message History

Prince Ribbit is lightly wounded.
Prince Ribbit barely misses you.
You barely miss Prince Ribbit.
Prince Ribbit is lightly wounded.
Prince Ribbit hits you!
* * * LOW HITPOINT WARNING * * *
You take 10 HP, and have [14/72] HP You hit Prince Ribbit.
You tail-slap Prince Ribbit!
Prince Ribbit is moderately wounded.
Prince Ribbit barely misses you.
Prince Ribbit hits you but does no damage.
You closely miss Prince Ribbit.
Prince Ribbit is moderately wounded.
Prince Ribbit hits you but does no damage.
You miss Prince Ribbit.
Prince Ribbit is moderately wounded.
Prince Ribbit misses you.
You hit Prince Ribbit.
Prince Ribbit is heavily wounded.
Prince Ribbit hits you but does no damage.
You miss Prince Ribbit.
Prince Ribbit is heavily wounded.
Prince Ribbit closely misses you. x2
You closely miss Prince Ribbit.
Prince Ribbit is heavily wounded.
Prince Ribbit hits you but does no damage.
You hit Prince Ribbit.
Prince Ribbit is heavily wounded.
Prince Ribbit hits you!
* * * LOW HITPOINT WARNING * * *
You take 8 HP, and have [8/72] HP You barely miss Prince Ribbit.
Prince Ribbit is heavily wounded.
Prince Ribbit barely misses you.
Unknown command.
Your transformation has ended.
You turn into a tree.
Your roots penetrate the ground.
Prince Ribbit hits you!
* * * LOW HITPOINT WARNING * * *
Prince Ribbit hits you!
You die...

# ###..## #B.... ...
#...# #.#..... #...#..##
#....... ###.....#
#####... #.###.## ###.
#.. #..# #. #.. ##.# ##.
#. #.# #.. #.. #♣# #..
#.###F# #.. #.....#
##########>. ####..#
#...(..<...[
#....$.........########..
.........###### #>.
..?....... #..
........... #..
............ #..


You could see Prince Ribbit.

Vanquished Creatures
  Pikel (D:3)
  4 yaks (D:5)
  Sigmund (D:5)
  An ice beast (D:5)
  2 lemures (D:3)
  A scorpion (D:5)
  2 hounds (D:4)
  2 centaur zombies (Ossuary)
  A bombardier beetle (D:5)
  A human zombie (D:5)
  2 iguanas
  4 human skeletons (D:5)
  Ijyb (D:5)
  3 crocodile zombies (Ossuary)
  2 mummies (Ossuary)
  Robin (D:2)
  3 adders
  6 gnolls
  4 ufetubi (D:5)
  4 dart slugs
  2 ribbon worms
  4 orcs
  7 endoplasms
  3 giant cockroaches
  2 gnoll zombies (Ossuary)
  13 goblins
  9 hobgoblins
  3 quokkas
  9 ball pythons
  5 bats
  2 frilled lizards
  3 kobolds
  2 kobold zombies (Ossuary)
  2 orc skeletons (D:5)
  5 rats
117 creatures vanquished.

Notes
Turn   | Place    | Note
-------+----------+-------------------------------------------
     0 | D:1      | UltraSeven the Draconian Shapeshifter began the quest for
                  | the Orb.
     0 | D:1      | Reached XP level 1. HP: 16/16 MP: 1/1
   293 | D:1      | Reached XP level 2. HP: 23/23 MP: 2/2
   353 | D:1      | Found a faded altar of an unknown god.
   889 | D:2      | Noticed Robin
   975 | D:1      | Reached skill level 4 in Shapeshifting
   982 | D:1      | Reached XP level 3. HP: 24/28 MP: 3/3
   988 | D:2      | Killed Robin
  1633 | D:3      | You fall into a shaft and drop 3 floors!
  1696 | D:5      | Entered Level 5 of the Dungeon
  1709 | D:5      | Noticed an ice beast
  1718 | D:5      | Reached XP level 4. HP: 28/35 MP: 4/4
  1729 | D:5      | Killed an ice beast
  1730 | D:5      | Reached skill level 5 in Shapeshifting
  1730 | D:5      | Reached XP level 5. HP: 40/40 MP: 5/5
  1821 | D:5      | Reached skill level 6 in Shapeshifting
  1851 | D:5      | Reached XP level 6. HP: 43/47 MP: 6/6
  1853 | D:5      | Found a sand-covered staircase.
  1858 | Ossuary  | Entered an ossuary
  2101 | Ossuary  | Reached skill level 7 in Shapeshifting
  2279 | D:5      | Noticed Sigmund
  2467 | D:5      | Killed Sigmund
  2468 | D:5      | Your scales start taking on a pale cyan-grey colour.
  2468 | D:5      | Reached XP level 7. HP: 47/52 MP: 7/7
  2468 | D:5      | Gained mutation: You are immune to the effects of steam.
                  | [Pale Draconian growth]
  2638 | D:3      | Found an opulent altar of Gozag.
  2719 | D:3      | Reached skill level 8 in Shapeshifting
  3262 | D:4      | Noticed Pikel
  3326 | D:3      | Killed Pikel
  3327 | D:3      | Reached skill level 9 in Shapeshifting
  3327 | D:3      | Reached XP level 8. HP: 31/59 MP: 8/8
  3553 | D:4      | Found Moxyvu's Assorted Antiques.
  3562 | D:4      | Bought a scroll labelled BUF EF PIKK for 23 gold pieces
  3562 | D:4      | Bought a golden potion for 20 gold pieces
  3562 | D:4      | Bought a scroll labelled NITWIRPHOSEO for 23 gold pieces
  3562 | D:4      | Bought a scroll labelled OZIXKUZAM for 23 gold pieces
  3562 | D:4      | Bought 2 scrolls labelled OZIXKUZAM for 46 gold pieces
  3591 | D:4      | Found Hiodivul's Jewellery Shoppe.
  3811 | D:4      | Found a glowing silver altar of Zin.
  4123 | D:5      | Noticed Ijyb
  4135 | D:5      | Killed Ijyb
  4139 | D:5      | Reached skill level 10 in Shapeshifting
  4208 | D:5      | Found a shadowy altar of Dithmenos.
  4239 | D:5      | Noticed Prince Ribbit
  4286 | D:5      | Reached skill level 5 in Unarmed Combat
  4286 | D:5      | Reached XP level 9. HP: 40/72 MP: 9/9
  4303 | D:5      | HP: 5/108 [Prince Ribbit (9)]
  4303 | D:5      | Slain by Prince Ribbit

Illustrated notes

Levels and vault maps discovered:
D:1:      dpeg_arrival_signposts, layout_basic, chequers_ecumenical_altar_island
D:2:      layout_basic, serial_bayou_lagoon_b, uniq_robin
D:3:      layout_basic, grunt_gozag_statues, st_stairs_8
D:4:      layout_basic, zin_academy, serial_shops,
          nicolae_shop_overgrown_old_shop, shop, uniq_pikel
D:5:      layout_rooms, general_overflow_altar, fedhas_altar_1,
          nicolae_ossuary_entry_catacombs, uniq_prince_ribbit1, uniq_ijyb,
          uniq_sigmund
D:6:      layout_basic, nicolae_wu_jian_immortal_techniques,
          chequers_temple_overflow_minitemple, minmay_fire_ice_demons

Skill      XL: |  1  2  3  4  5  6  7  8 |
---------------+-------------------------+-----
Shapeshifting  | 4 5 6 7 9 10 | 10.0
Fighting       | 4 |  4.4
Unarmed Combat | 5 |  5.0
Dodging        | |  1.7

Action                     |  1- 3 |  4- 6 |  7- 9 || total
---------------------------+-------+-------+-------++-------
  Melee: Unarmed           |   116 |   128 |   171 ||   415
         Tailslap          |    10 |    26 |    22 ||    58
         Punch             |     2 |     2 |     7 ||    11
    Use: Potion            |       |       |     1 ||     1
   Stab: Sleeping          |       |     1 |     1 ||     2
 Armour: Skin              |    84 |   100 |   112 ||   296
  Dodge: Dodged            |   119 |    85 |    94 ||   298

Table legend: (Time is in decaauts)
 A = Elapsed time spent in this place.
 B = Non-inter-level travel time spent in this place.
 C = Inter-level travel time spent in this place.
 D = Time resting spent in this place.
 E = Time spent auto-exploring this place.
 F = Levels seen in this place.
 G = Mean time per level.
                   A        B        C        D        E       F      G
               +--------+--------+--------+--------+--------+-----+--------+
         Total |   4363 |   4196 |    167 |    284 |   2913 |   7 |  623.3 |
       Dungeon |   3959 |   3792 |    167 |    250 |   2703 |   6 |  659.8 |
       Ossuary |    404 |    404 |      0 |     34 |    210 |   1 |  404.0 |
               +--------+--------+--------+--------+--------+-----+--------+

Top non-repeatable levels by time:
     D:1: 972 daAuts
     D:4: 880 daAuts
     D:3: 856 daAuts
     D:2: 660 daAuts
     D:5: 527 daAuts
 Ossuary: 404 daAuts
     D:6: 62 daAuts
